 Dungeon Crawl Stone Soup version 0.22-a0-614-g34fbaa0 (webtiles) character file.

125 Dordric the Cudgeler (level 4, -1/39 HPs)
             Began as a Minotaur Berserker on July 20, 2018.
             Was a Believer of Trog.
             Slain by an orc
             ... wielding a +0 trident
              (2 damage)
             ... on level 3 of the Dungeon.
             The game lasted 00:05:39 (1694 turns).

Dordric the Cudgeler (Minotaur Berserker)           Turns: 1694, Time: 00:05:40

Health: -1/39      AC:  8    Str: 23    XL:     4   Next: 82%
Magic:  0/3        EV:  8    Int:  4    God:    Trog [**....]
Gold:   144        SH:  0    Dex:  9    Spells: 3/3 levels left

rFire    . . .     SeeInvis .   h - +0 hunting sling (curse)
rCold    . . .     Gourm    .   (no shield)
rNeg     . . .     Faith    .   j - +0 chain mail
rPois    .         Spirit   +   (helmet restricted)
rElec    .         Reflect  .   n - scarf {Spirit}
rCorr    .         Harm     .   (no gloves)
MR       .....                  (no boots)
Stlth    ..........             (no amulet)
HPRegen  0.13/turn              (no ring)
MPRegen  0.08/turn              (no ring)

@: no status effects
A: retaliatory headbutt, horns 2
a: Berserk, Trog's Hand, Renounce Religion


You were on level 3 of the Dungeon.
You worshipped Trog.
Trog was pleased with you.
You were not hungry.

You visited 1 branch of the dungeon, and saw 3 of its levels.

You collected 144 gold pieces.

Inventory:

Hand Weapons
 a - a +0 mace
 h - a cursed +0 hunting sling (weapon)
 i - a +5 club
Missiles
 f - 26 stones (quivered)
Armour
 j - a +0 chain mail (worn)
 m - a +0 scale mail
 n - a scarf of spirit shield (worn)
Jewellery
 g - an uncursed amulet of harm {unknown}
Potions
 d - a potion of agility {unknown}
 e - a potion of flight {unknown}
 l - a potion of heal wounds {unknown}
 o - a potion of cancellation {unknown}
Comestibles
 b - 2 chunks of flesh
 c - 9 rations


   Skills:
 - Level 3.6 Fighting
 + Level 6.8 Maces & Flails
 - Level 2.4 Armour
 - Level 2.1 Dodging


You had 3 spell levels left.
You didn't know any spells.
Your spell library was empty.

Dungeon Overview and Level Annotations

Branches:
Dungeon (3/15)

Altars:
Ashenzari
Nemelex Xobeh
Yredelemnul


Innate Abilities, Weirdness & Mutations

You reflexively headbutt those who attack you in melee.
You have a pair of horns on your head.


Message History

You closely miss the orc priest. You headbutt the orc priest!
The orc priest is heavily wounded.
The orc closely misses you.
The orc priest hits you but does no damage.
You clumsily bash the orc priest but do no damage.
The orc priest is heavily wounded.
The orc hits you with a trident.
* * * LOW HITPOINT WARNING * * *
The orc priest hits you with a club.
* * * LOW HITPOINT WARNING * * *
The orc closely misses you.
The orc priest hits you but does no damage.
You clumsily bash the orc priest but do no damage.
The orc priest is heavily wounded.
The orc barely misses you. The orc priest hits you with a club.
You clumsily bash the orc priest but do no damage.
Your headbutt misses the orc priest.
The orc priest is heavily wounded.
The orc hits you with a trident.
You die...

*,,,,,,,,* ##*.....#
*,,,...,,* #.......#
*,,,...,,**
#.#.....#
*,,,...,,,*
#.#.....#
****#.#**,*
#.#.....* #.# *,*
#.#...,,*
#(###.###.#.###.#
#oo.............#
#@###.#####.#####
#)# #.#####.#
###?###.......######
#...................
#...................
#......)............
#...................
#...................
#...................


You could see an orc priest and an orc.

Vanquished Creatures
  Jessica (D:2)
  3 adders (D:3)
  An ooze (D:3)
  An adder zombie (D:3)
  A worm (D:3)
  2 dart slugs
  3 leopard geckos
  3 orcs (D:3)
  A ball python (D:1)
  2 giant cockroaches (D:1)
  6 goblins
  4 hobgoblins
  2 quokkas
  4 bats
  4 frilled lizards
  8 kobolds
  A quokka skeleton (D:2)
  7 rats
  A spectral orc (D:2)
55 creatures vanquished.

Notes
Turn   | Place    | Note
-------+----------+-------------------------------------------
     0 | D:1      | Dordric the Minotaur Berserker began the quest for the Orb.
     0 | D:1      | Reached XP level 1. HP: 19/19 MP: 0/0
    50 | D:1      | Reached skill level 4 in Maces & Flails
    74 | D:1      | Reached XP level 2. HP: 25/26 MP: 1/1
   409 | D:1      | Found a sparkling altar of Nemelex Xobeh.
   683 | D:2      | Noticed Jessica
   688 | D:2      | Killed Jessica
   688 | D:2      | Reached ** piety under Trog
   688 | D:2      | Reached skill level 5 in Maces & Flails
   688 | D:2      | Reached XP level 3. HP: 28/31 MP: 2/2
  1084 | D:2      | Found a basalt altar of Yredelemnul.
  1206 | D:3      | Reached XP level 4. HP: 38/39 MP: 3/3
  1212 | D:3      | Reached skill level 6 in Maces & Flails
  1321 | D:3      | Found a shattered altar of Ashenzari.
  1692 | D:3      | HP: 1/39 [orc priest/club (1)]
  1694 | D:3      | Slain by an orc

Vault maps used:
D:1:      lightli_molten_gateway, nemelex_altar_shiori
D:2:      yredelemnul_forgotten_temple_becter, uniq_jessica
D:3:      nicolae_overflow_hidden_temple, first_ration, grunt_ministairs_7,
          minivault_11, fedhas_altar_4

Skill      XL: |  1  2  3  4 |
---------------+-------------+-----
Maces & Flails | 4 5 6 |  6.8
Fighting       | |  3.6
Armour         | |  2.4
Dodging        | |  2.1

Action                   |  1- 3 |  4- 6 || total
-------------------------+-------+-------++-------
Melee: Mace              |    40 |       ||    40
       Headbutt          |     5 |    14 ||    19
       Club              |    21 |    16 ||    37
       Hunting sling     |       |    53 ||    53
 Fire: Hunting sling     |       |     3 ||     3
  Use: Scroll            |       |     7 ||     7
 Stab: Sleeping          |     2 |       ||     2
  Eat: Chunk             |     1 |     2 ||     3
Armor: Animal skin       |     8 |       ||     8
       Scale mail        |       |    31 ||    31
       Chain mail        |       |     9 ||     9
Dodge: Dodged            |    39 |    59 ||    98

Table legend:
 A = Spawn XP
 B = Non-spawn XP
 C = Spawn XP percentage of total XP
 D = Spawn monster count
 E = Non-spawn monster count
 F = Spawn count percentage of total count
 G = Total turns spent on level
                    A         B        C        D         E        F      G
               +---------+---------+-------+---------+---------+-------+---------
         Total |       0 |     179 |   0.0 |       0 |      55 |   0.0 |  1694
               +---------+---------+-------+---------+---------+-------+---------
           D:1 |       0 |      25 |   0.0 |       0 |      15 |   0.0 |   610
           D:2 |       0 |      66 |   0.0 |       0 |      18 |   0.0 |   583
           D:3 |       0 |      88 |   0.0 |       0 |      22 |   0.0 |   501
               +---------+---------+-------+---------+---------+-------+---------
